 Dungeon Crawl Stone Soup version 0.32-a0-768-g0f6f1dd4b9 (webtiles) character file.

Game seed: 16346842294968546169

203 ezpacito the Chopper (level 5, -4/42 HPs)
             Began as a Coglin Chaos Knight on Mar 18, 2024.
             Was a Plaything of Xom.
             Killed by divine providence
             ... invoked by an orc priest
              (16 damage)
             ... on level 4 of the Dungeon.
             The game lasted 00:02:59 (2209 turns).

ezpacito the Chopper (Coglin Chaos Knight)          Turns: 2209, Time: 00:02:59

Health: -4/42      AC:  6    Str: 14    XL:     5   Next: 81%
Magic:  6/6        EV: 11    Int: 11    God:    Xom [....*.]
Gold:   28         SH:  0    Dex: 14    Spells: 6/6 levels left

rFire   . . .        a - +0 hand axe (chaos) {Kaya}
rCold   . . .        i - +0 spear {Sanghe}
rNeg    . . .        b - +2 leather armour
rPois   .            (no helmet)
rElec   .            (no cloak)
rCorr   .            d - +0 pair of gloves
SInv    .            (no boots)
Will    .....        (amulet unavailable)
Stlth   +            (ring unavailable)
HPRegen 0.27/turn    (ring unavailable)
MPRegen 0.10/turn    (no gizmo)

%: no passive effects
@: revved
A: off-hand wielding, slow wielding, warmup strikes, no jewellery
a: Invent Gizmo, Renounce Religion


You were on level 4 of the Dungeon.
You worshipped Xom.
You were a beloved toy of Xom.
You visited 1 branch of the dungeon, and saw 4 of its levels.

You collected 171 gold pieces.
You spent 143 gold pieces at shops.

Inventory:

Hand Weapons
 a - a +0 hand axe of chaos (weapon) {Kaya}
 i - a +0 spear (offhand) {Sanghe}
Missiles
 e - 3 javelins (quivered)
Armour
 b - a +2 leather armour (worn)
 d - a +0 pair of gloves (worn)
Wands
 m - a wand of light (10)
Scrolls
 c - a scroll of butterflies
 f - 2 scrolls of enchant weapon {unknown}
 g - 3 scrolls of amnesia {unknown}
 h - a scroll of fear {unknown}
 j - 5 scrolls of identify {unknown}
 n - 2 scrolls of enchant armour {unknown}
 r - a scroll of fog
 s - a scroll of noise
Potions
 k - a potion of mutation {unknown}
 o - a potion of lignification {unknown}
 p - a potion of magic {unknown}


   Skills:
 * Level 3.7 Fighting
 * Level 3.7(3.9) Axes
 + Level 1.2(2.5) Polearms
 * Level 2.5 Armour
 * Level 2.1 Dodging
 + Level 1.0 Stealth
 + Level 1.1 Spellcasting
 + Level 1.3 Evocations


You had 6 spell levels left.
You didn't know any spells.
Your spell library contained the following spells:

 Spells                   Type           Power      Damage    Failure   Level
 Kiss of Death            Conj/Necr      0%         2d5       36%         1
 Confusing Touch          Hex            0%         N/A       75%         3
 Dispel Undead            Necr           0%         3d6       98%         4
 Haunt                    Necr/Summ      0%         N/A       100%        7
 Borgnjor's Revivificati  Necr           0%         N/A       100%        8
 Death's Door             Necr           0%         N/A       100%        9


Dungeon Overview and Level Annotations

Branches:
Dungeon (4/15)
 Temple: D:4-7

Altars:

Shops:
D:4 *


Innate Abilities, Weirdness & Mutations

You can wield a second weapon in your off-hand.
It takes a long time for you to wield or remove held weapons.
Your first few attacks do less damage.
You cannot equip rings or amulets.


Message History

You burn something.
You hit the orc with your +0 hand axe of chaos.
You freeze the orc.
You kill the orc!
You hit the orc priest but do no damage.
The orc priest hits you but does no damage.
Something hits you.
The orc priest hits you but does no damage.
You take 1 damage, and have 21/41 hp.
You hit the orc priest but do no damage.
The orc priest is almost dead.
You hit the orc priest but do no damage.
You hit something with your +0 hand axe of chaos.
The orc priest mumbles some strange prayers to Beogh against you.
Beogh smites you!
* * * LOW HITPOINT WARNING * * *
Something hits you.
* * * LOW HITPOINT WARNING * * *
You take 10 damage, and have 11/41 hp.
MASSIVE DAMAGE!!
You feel better.
Reactivating autopickup.
You feel a bit more experienced.
The orc priest mumbles some strange prayers to Beogh against you.
Beogh smites you! The endoplasm closely misses you.
The orc priest hits you but does no damage.
Your Stealth skill increases to level 1!
You regained 3 hp, and now have 14/42 hp.
You feel better.
The orc priest calls down the wrath of Beogh upon you.
Beogh smites you! The endoplasm barely misses you.
You take 1 damage, and have 13/42 hp.
You closely miss the orc priest with your +0 hand axe of chaos.
The orc priest is almost dead.
You hit the endoplasm but do no damage.
You barely miss the orc priest with your +0 spear.
The orc priest misses you. The endoplasm hits you.
* * * LOW HITPOINT WARNING * * *
The orc priest mumbles some strange prayers to Beogh against you.
Beogh smites you!
You die...

....### ..... .#
... .. #.# .#
######.#### ..
###.........# .#
....####.##.# .#
#####
#.##.#####)#.#
#........@J.#
####.###.o)#..[..
#.....#.# ...
#####...# . ##...
.### #### .# ....
.# #####


You could see an orc priest (fast, weak) and an endoplasm.

Vanquished Creatures
  A bombardier beetle (D:3)
  A hound (D:4)
  An iguana (D:4)
  An orc wizard (D:4)
  3 adders
  3 dart slugs
  7 orcs
  7 ball pythons
  4 endoplasms
  4 giant cockroaches
  3 hobgoblins (D:1)
  5 kobolds
  2 quokkas
  2 bats
  2 frilled lizards
  A goblin (D:2)
  8 rats
55 creatures vanquished.

Notes
Turn   | Place    | Note
-------+----------+-------------------------------------------
     0 | D:1      | ezpacito the Coglin Chaos Knight began the quest for the
                  | Orb.
     0 | D:1      | Reached XP level 1. HP: 18/18 MP: 1/1
    24 | D:1      | XOM: silly message
    45 | D:1      | Reached skill level 1 in Dodging
   137 | D:1      | Reached XP level 2. HP: 24/24 MP: 2/2
   508 | D:1      | Reached XP level 3. HP: 28/29 MP: 3/3
   960 | D:2      | Reached XP level 4. HP: 35/35 MP: 4/4
   962 | D:2      | XOM: cloud trail
  1449 | D:2      | XOM: divination: magic mapping
  1613 | D:3      | XOM: 1-stop teleportation journey
  1670 | D:3      | XOM: divination: detect items
  1702 | D:3      | XOM: 7-stop teleportation journey
  1917 | D:3      | Reached skill level 1 in Polearms
  1917 | D:3      | Reached XP level 5. HP: 34/41 MP: 6/6
  2114 | D:4      | Reached skill level 1 in Spellcasting
  2114 | D:4      | Reached skill level 1 in Evocations
  2143 | D:4      | Found Veuh's General Store.
  2150 | D:4      | Bought a scroll of fog for 52 gold pieces
  2150 | D:4      | Bought 2 potions of curing for 78 gold pieces
  2150 | D:4      | Bought a scroll of noise for 13 gold pieces
  2208 | D:4      | Reached skill level 1 in Stealth
  2209 | D:4      | Killed from afar by an orc priest

Illustrated notes

Levels and vault maps discovered:
D:1:      lemuel_arrival_lava_pool, layout_loops_ring,
          hangedman_decor_clover_reticule
D:2:      layout_loops_ring
D:3:      layout_loops_ring
D:4:      layout_loops_ring, serial_shops, shop

Skill      XL: |  1  2  3  4  5 |
---------------+----------------+-----
Dodging        | 1 2 |  2.1
Armour         | 2 |  2.5
Polearms       | 1 |  1.2
Spellcasting   | 1 |  1.1
Evocations     | 1 |  1.3
Stealth        | 1 |  1.0
Fighting       | |  3.7
Axes           | |  3.7

Action                     |  1- 3 |  4- 6 || total
---------------------------+-------+-------++-------
  Melee: Hand axe          |    43 |    41 ||    84
         Dagger            |    23 |       ||    23
         Spear             |    25 |    46 ||    71
    Use: Potion            |       |     4 ||     4
   Stab: Sleeping          |     2 |     1 ||     3
 Armour: Leather armour    |    23 |    34 ||    57
  Dodge: Dodged            |    16 |    25 ||    41

Table legend: (Time is in decaauts)
 A = Elapsed time spent in this place.
 B = Non-inter-level travel time spent in this place.
 C = Inter-level travel time spent in this place.
 D = Time resting spent in this place.
 E = Time spent auto-exploring this place.
 F = Levels seen in this place.
 G = Mean time per level.
                   A        B        C        D        E       F      G
               +--------+--------+--------+--------+--------+-----+--------+
         Total |   2214 |   2148 |     66 |      0 |   1857 |   4 |  553.5 |
       Dungeon |   2214 |   2148 |     66 |      0 |   1857 |   4 |  553.5 |
               +--------+--------+--------+--------+--------+-----+--------+

Top non-repeatable levels by time:
     D:1: 775 daAuts
     D:2: 683 daAuts
     D:3: 643 daAuts
     D:4: 113 daAuts
